 Dungeon Crawl Stone Soup version 0.24.1-8-ga250c9d538 (webtiles) character file.

Game seed: 3790676733548382864, levelgen mode: deterministic

4260 H0rd4k the Thaumaturge (level 10, -6/51 HPs)
             Began as a Deep Elf Wizard on Apr 27, 2020.
             Was an Initiate of Gozag.
             Mangled by a death yak (29 damage)
             ... on level 9 of the Dungeon on Apr 28, 2020.
             The game lasted 00:28:25 (9896 turns).

H0rd4k the Thaumaturge (Deep Elf Wizard)            Turns: 9896, Time: 00:28:27

Health: -6/51      AC:  2    Str:  4    XL:     10   Next: 10%
Magic:  9/28       EV: 14    Int: 27    God:    Gozag
Gold:   412        SH:  0    Dex: 13    Spells: 11/34 levels left

rFire    + . .     SeeInvis .   x - staff of fire
rCold    . . .     Gourm    .   (no shield)
rNeg     . . .     Faith    .   a - +0 robe
rPois    .         Spirit   .   b - +0 hat
rElec    .         Reflect  .   (no cloak)
rCorr    +         Harm     .   (no gloves)
MR       ++...                  (no boots)
Stlth    +++.......             F - amulet of regeneration
HPRegen  0.57/turn              g - ring of resist corrosion
MPRegen  0.21/turn              E - ring of protection from magic

@: gold aura
A: no striking features
a: Potion Petition, Call Merchant, Bribe Branch, Renounce Religion


You were on level 9 of the Dungeon.
You worshipped Gozag.
Gozag was aware of your devotion.
You were not hungry.

You visited 1 branch of the dungeon, and saw 9 of its levels.
You also visited: Sewer.

You collected 556 gold pieces.
You paid 144 gold pieces to Gozag.

Inventory:

Hand Weapons
 s - a +2 hunting sling of freezing
Missiles
 j - 14 curare-tipped darts (quivered)
 o - 29 poisoned darts
Armour
 a - a +0 robe (worn)
 b - a +0 hat (worn)
Magical Staves
 x - an uncursed staff of fire (weapon)
Jewellery
 g - a ring of resist corrosion (left hand)
 E - a ring of protection from magic (right hand)
 F - an amulet of regeneration (around neck)
Wands
 D - a wand of flame (25)
Scrolls
 c - 3 scrolls of magic mapping
 h - a scroll of blinking
 m - 7 scrolls of teleportation
 n - a scroll of torment {unknown}
 p - 6 scrolls of enchant armour
 q - a scroll of vulnerability
 r - 2 scrolls of identify
 t - a scroll of fog
 u - a scroll of enchant weapon
 w - 2 scrolls of amnesia
 y - 2 scrolls of remove curse
 C - 4 scrolls of immolation
Potions
 e - a potion of agility
 f - 4 potions of brilliance
 i - 4 potions of curing
 k - 4 potions of might
 l - 2 potions of flight
 z - 2 potions of haste
 A - 4 potions of heal wounds
 B - a potion of lignification
Comestibles
 d - 22 rations


   Skills:
 - Level 0.8 Fighting
 + Level 4.5 Dodging
 + Level 4.6 Stealth
 + Level 12.5 Spellcasting
 + Level 8.4 Conjurations
   Level 1.1 Summonings
 + Level 2.6 Translocations
 + Level 0.7 Transmutations
 + Level 2.3 Fire Magic
 + Level 1.0 Air Magic
 + Level 3.7 Earth Magic
 + Level 2.5 Poison Magic
 * Level 3.6 Evocations


You had 11 spell levels left.
You knew the following spells:

 Your Spells              Type           Power        Failure   Level  Hunger
a - Magic Dart            Conj           ####         1%          1    None
b - Blink                 Tloc           N/A          1%          2    None
c - Conjure Flame         Conj/Fire      ######..     1%          3    None
d - Mephitic Cloud        Conj/Pois/Air  #####...     1%          3    None
e - Gell's Gravitas       Tloc           ####......   3%          3    None
f - Passwall              Tmut/Erth      ####....     1%          2    None
g - Petrify               Tmut/Erth      ####....     13%         4    None
h - Bolt of Magma         Conj/Fire/Erth ######....   13%         5    ##.....

Your spell library contained the following spells:

 Spells                   Type           Power        Failure   Level  Hunger
 Sandblast                Erth           #####.       1%          1    None
 Stone Arrow              Conj/Erth      ######       1%          3    None
 Animate Skeleton         Necr           N/A          3%          1    None
 Confusing Touch          Hex            ###...       3%          1    None
 Pain                     Necr           ###.         3%          1    None
 Call Imp                 Summ           ###.....     3%          2    None
 Slow                     Hex            ###.....     4%          2    None
 Confuse                  Hex            ###.....     10%         3    None
 Regeneration             Chrm/Necr      ###.......   10%         3    None
 Vampiric Draining        Necr           ###.......   10%         3    None
 Venom Bolt               Conj/Pois      #####.....   10%         5    ##.....
 Iskenderun's Battlesphe  Conj/Chrm      #####...     16%         5    ##.....
 Lee's Rapid Deconstruct  Erth           #####.....   19%         5    ##.....
 Animate Dead             Necr           N/A          32%         4    None
 Iron Shot                Conj/Erth      ######....   38%         6    #####..
 Yara's Violent Unravell  Hex/Tmut       ###.......   61%         5    ##.....
 Orb of Destruction       Conj           ######....   65%         7    ######.
 Metabolic Englaciation   Hex/Ice        ###.......   67%         5    ##.....
 Spellforged Servitor     Conj/Summ      #####.....   98%         7    ######.


Dungeon Overview and Level Annotations

Branches:
Dungeon (8/15)             Temple (0/1) D:5           Sewer (visited)
   Lair: D:8-11

Altars:
Ashenzari
Dithmenos
Elyvilon
Gozag
Kikubaaqudgha
Qazlal
Sif Muna
Trog
Uskayaw
Wu Jian
Yredelemnul
The Shining One

Shops:
D:7 %

Annotations:
D:7 1 runed translucent door, waddelsworth's ghost, novice DrCj
D:9 Psyche


Message History

Aim: a hippogriff (flame, lightly wounded) Gravity reorients around the hippogriff.
The death yak collides with the hippogriff!
The crimson imp hits you.
The death yak is engulfed in blazing flames.
The death yak barely misses you.
The hippogriff is engulfed in blazing flames.
Casting: Gell's Gravitas (safe; 3% risk of failure)
Confirm with . or Enter, or press ? or * to list all spells.
Aiming: Gell's Gravitas (safe; 3% risk of failure)
Press: ? - help, Dir - move target cursor, f - death yak
Aim: a death yak (flame, heavily wounded) Gravity reorients around the death yak.
Something collides with the death yak!
The basilisk collides with the death yak!
The crimson imp collides with you! The crimson imp hits you.
The death yak is engulfed in blazing flames.
The death yak gores you!!
Ouch! That really hurt!
You die...
Your body crumbles into a pile of gold.

#... #...
#...### ....
#...... ..P..
#.....# ...
#..$..#...
#.....#l#
#.....Y§#
#....@# .
###..5# .#
#...# ...
#...######....
#.............
#.............
###...........
#...........
#..........@


You could see a death yak, a basilisk and a crimson imp.

Vanquished Creatures
  A deep elf mage (D:7)
  A manticore (D:7)
  A centaur zombie (D:5)
  Sigmund (D:2)
  A spriggan (D:7)
  A hungry ghost (D:7)
  3 ice beasts
  A sky beast (D:8)
  2 centaurs
  6 ogres
  2 big kobolds (Sewer)
  7 bullfrogs
  A gnoll sergeant (D:7)
  A howler monkey (D:6)
  A crimson imp (D:7)
  A bullfrog zombie (D:7)
  A jelly (D:7)
  A hound (D:3)
  7 orc priests
  2 iguanas
  Terence (D:2)
  2 orc wizards
  3 worker ants
  A hound zombie (D:7)
  A worker ant zombie (D:7)
  5 gnolls
  12 adders
  4 river rats (Sewer)
  2 oozes
  An adder zombie (D:5)
  4 worms
  A dart slug (D:1)
  9 leopard geckos
  16 orcs
  4 bats
  7 giant cockroaches
  9 goblins
  2 hobgoblins (D:1)
  7 jackals
  27 kobolds
  4 quokkas
  4 ball pythons
  6 frilled lizards
  27 rats
201 creatures vanquished.

Vanquished Creatures (others)
  A rat (Sewer)
1 creature vanquished.

Grand Total: 202 creatures vanquished

Notes
Turn   | Place    | Note
-------+----------+-------------------------------------------
     0 | D:1      | H0rd4k the Deep Elf Wizard began the quest for the Orb.
     0 | D:1      | Reached XP level 1. HP: 10/10 MP: 7/7
   245 | D:1      | Reached XP level 2. HP: 15/15 MP: 1/9
   675 | D:1      | Reached skill level 5 in Spellcasting
   675 | D:1      | Reached XP level 3. HP: 15/19 MP: 3/11
  1063 | D:2      | Noticed Terence
  1165 | D:2      | Learned a level 2 spell: Blink
  1169 | D:2      | Learned a level 3 spell: Conjure Flame
  1173 | D:2      | Learned a level 3 spell: Mephitic Cloud
  1314 | D:2      | Noticed an ogre
  1623 | D:2      | Noticed Sigmund
  1775 | D:2      | Found a glowing golden altar of the Shining One.
  1976 | D:2      | Reached XP level 4. HP: 21/24 MP: 7/13
  2078 | D:2      | Killed Sigmund
  2078 | D:2      | Reached skill level 7 in Spellcasting
  2078 | D:2      | Reached XP level 5. HP: 22/28 MP: 3/16
  2531 | D:2      | Killed an ogre
  2531 | D:2      | Reached XP level 6. HP: 32/32 MP: 4/18
  2766 | D:3      | Found a shadowy altar of Dithmenos.
  2842 | D:3      | Reached skill level 1 in Poison Magic
  3153 | D:3      | Found a stormy altar of Qazlal.
  3314 | D:3      | Found an ancient bone altar of Kikubaaqudgha.
  3577 | D:2      | Killed Terence
  3668 | D:4      | Noticed an ice beast
  3737 | D:4      | Killed an ice beast
  3737 | D:4      | Reached skill level 8 in Spellcasting
  3737 | D:4      | Reached XP level 7. HP: 8/36 MP: 0/20
  3860 | D:4      | Found a glowing drain.
  3871 | Sewer    | Entered a sewer
  4737 | D:4      | Found a shattered altar of Ashenzari.
  4904 | D:4      | Reached skill level 9 in Spellcasting
  4931 | D:4      | Found an opulent altar of Gozag.
  5044 | D:4      | Reached skill level 5 in Conjurations
  5192 | D:4      | Found a shimmering blue altar of Sif Muna.
  5204 | D:4      | Found an ornate altar of the Wu Jian Council.
  5263 | D:5      | Entered Level 5 of the Dungeon
  5263 | D:5      | Found a staircase to the Ecumenical Temple.
  5527 | D:5      | Reached skill level 10 in Spellcasting
  5527 | D:5      | Reached skill level 1 in Fire Magic
  5527 | D:5      | Reached XP level 8. HP: 28/42 MP: 12/24
  6313 | D:5      | Learned a level 3 spell: Gell's Gravitas
  6486 | D:6      | Found a bloodstained altar of Trog.
  7001 | D:6      | Found a basalt altar of Yredelemnul.
  7085 | D:6      | Reached skill level 11 in Spellcasting
  7440 | D:6      | Reached XP level 9. HP: 46/46 MP: 13/26
  7902 | D:6      | Found a white marble altar of Elyvilon.
  7986 | D:6      | Learned a level 2 spell: Passwall
  7991 | D:6      | Learned a level 4 spell: Petrify
  8004 | D:7      | Noticed waddelsworth's ghost (novice DrCj)
  8005 | D:7      | Found a runed translucent door.
  8093 | D:7      | Noticed a deep elf mage
  8094 | D:7      | Noticed a manticore
  8096 | D:7      | Reached skill level 1 in Air Magic
  8255 | D:7      | Reached skill level 1 in Earth Magic
  8255 | D:7      | Reached skill level 1 in Evocations
  8540 | D:7      | Found Okhloazoo's Food Emporium.
  8833 | D:7      | Killed a deep elf mage
  8833 | D:7      | Reached skill level 12 in Spellcasting
  8874 | D:7      | Killed a manticore
  9179 | D:7      | Reached XP level 10. HP: 51/51 MP: 22/28
  9475 | D:4      | Became a worshipper of Gozag Ym Sagoz the Greedy
  9842 | D:8      | Found a hide-covered altar of Uskayaw.
  9863 | D:8      | You fall into a shaft and drop 1 floor!
  9872 | D:9      | Noticed Psyche
  9891 | D:9      | Learned a level 5 spell: Bolt of Magma
  9891 | D:9      | Noticed a death yak
  9896 | D:9      | Mangled by a death yak

Levels and vault maps discovered:
D:1:      dpeg_arrival_arbitrary_b, layout_basic, minmay_tiny_reverse_x
D:2:      layout_loops_corners, nicolae_overflow_crystal_walls, minmay_circle_x,
          uniq_sigmund, uniq_terence
D:3:      layout_basic, grunt_dithmenos_smoke_and_mirrors, lemuel_doored_altar,
          marbit_many_paths, first_ration
D:4:      layout_basic, grunt_gozag_breadcrumbs, cheibrodos_ashenzari_chains,
          grunt_temple_overflow_open, gup_sewer_entry_bubbles
D:5:      layout_basic, minmay_temple_entry_crystal_x, serial_bayou_lagoon_a
D:6:      layout_basic, kennysheep_ying_yang, overflow_temple_1_default,
          minmay_misc_feat_tower
D:7:      layout_loops_ring, hellmonk_ghost_happy_afterlife, serial_shops, shop,
          the_bakery, minmay_chambers_of_fives
D:8:      layout_basic, kennysheep_mini_moat, eat_drink_and_be_merry_uskayaw,
          serial_shops, nicolae_shop_stone
D:9:      layout_irregular_city, david_lair_generic, uniq_joseph, uniq_psyche

Skill      XL: |  1  2  3  4  5  6  7  8  9 |
---------------+----------------------------+-----
Dodging        | 3 4 |  4.5
Spellcasting   | 5 7 8 10 11 12 | 12.5
Stealth        | 3 4 |  4.6
Conjurations   | 3 4 6 7 8 |  8.4
Poison Magic   | 1 2 |  2.5
Fire Magic     | 1 2 |  2.3
Air Magic      | 1 |  1.0
Earth Magic    | 3 |  3.7
Evocations     | 3 |  3.6
Translocations | 2 |  2.6
Fighting       | |  0.8
Summonings     | |  1.1
Transmutations | |  0.7

Action                   |  1- 3 |  4- 6 |  7- 9 | 10-12 || total
-------------------------+-------+-------+-------+-------++-------
Melee: Staff             |       |       |     3 |       ||     3
 Cast: Magic Dart        |   103 |    98 |   333 |    18 ||   552
       Conjure Flame     |     4 |     6 |    25 |     8 ||    43
       Mephitic Cloud    |     2 |     4 |    12 |     1 ||    19
       Blink             |     2 |       |     3 |       ||     5
       Gell's Gravitas   |       |       |    12 |     8 ||    20
       Passwall          |       |       |     2 |       ||     2
       Petrify           |       |       |     1 |       ||     1
Evoke: Wand              |       |       |     1 |       ||     1
  Use: Potion            |       |       |     8 |       ||     8
       Scroll            |       |       |    13 |       ||    13
  Eat: Chunk             |     3 |     5 |    17 |     1 ||    26
       Ration            |       |       |       |     1 ||     1
Armor: Robe              |     5 |       |     6 |     2 ||    13
Dodge: Dodged            |    13 |     8 |    66 |     8 ||    95
